 Dungeon Crawl Stone Soup version 0.22-a0-565-gfc6459a524 (webtiles) character file.

205 Kholdaimon the Shield-Bearer (level 6, -2/49 HPs)
             Began as a Formicid Fighter on June 28, 2018.
             Was an Initiate of Okawaru.
             Slain by an orc wizard
             ... wielding a +0 dagger
              (4 damage)
             ... on level 4 of the Dungeon.
             The game lasted 00:10:28 (2383 turns).

Kholdaimon the Shield-Bearer (Formicid Fighter)     Turns: 2383, Time: 00:10:28

Health: -2/49      AC:  7    Str: 21    XL:     6   Next: 10%
Magic:  6/6        EV:  8    Int:  9    God:    Okawaru [......]
Gold:   193        SH: 10    Dex: 10    Spells: 5/5 levels left

rFire    . . .     SeeInvis +   a - +0 war axe
rCold    . . .     Gourm    .   c - +0 shield
rNeg     . . .     Faith    .   b - +0 scale mail
rPois    .         Spirit   .   (helmet unavailable)
rElec    .         Reflect  .   (no cloak)
rCorr    .         Harm     .   (no gloves)
MR       .....                  (no boots)
Stlth    ..........             (no amulet)
HPRegen  0.16/turn              (no ring)
MPRegen  0.10/turn              (no ring)

@: no status effects
A: permanent stasis, dig shafts and tunnels, four strong arms, antennae 3
a: Dig, Shaft Self, Renounce Religion


You were on level 4 of the Dungeon.
You worshipped Okawaru.
Okawaru was noncommittal.
You were not hungry.

You visited 1 branch of the dungeon, and saw 4 of its levels.

You collected 193 gold pieces.

Inventory:

Hand Weapons
 a - a +0 war axe (weapon)
 n - a +0 hunting sling
 y - a +0 halberd
Missiles
 g - 7 poisoned needles
 o - 39 stones (quivered)
Armour
 b - a +0 scale mail (worn)
 c - a +0 shield (worn)
Jewellery
 j - an uncursed amulet of the acrobat {unknown}
 s - an uncursed amulet of magic regeneration {unknown}
Scrolls
 e - 4 scrolls of teleportation {unknown}
 h - a scroll of fear {unknown}
 i - 2 scrolls of amnesia {unknown}
 m - 2 scrolls of enchant weapon {unknown}
 p - a scroll of remove curse {unknown}
 q - 3 scrolls of enchant armour {unknown}
 r - 3 scrolls of random uselessness {unknown}
 u - a scroll of blinking {unknown}
Potions
 d - a potion of might
 k - a potion of haste
 l - a potion of cancellation {unknown}
 t - a potion of lignification {unknown}
 v - a potion of flight {unknown}
 w - a potion of agility {unknown}
Comestibles
 f - 7 rations
 x - 24 chunks of flesh


   Skills:
 + Level 4.4 Fighting
 + Level 3.3 Axes
 + Level 4.4 Armour
 + Level 5.0 Shields


You had 5 spell levels left.
You didn't know any spells.
Your spell library was empty.

Dungeon Overview and Level Annotations

Branches:
Dungeon (4/15)
 Temple: D:4-7

Altars:
Okawaru


Innate Abilities, Weirdness & Mutations

You cannot be hasted, slowed, berserked, paralysed or teleported.
You can dig through walls and to a lower floor.
Your four strong arms can wield two-handed weapons with a shield.
You have a pair of large antennae on your head. (SInv)


Message History

You closely miss the orc wizard.
The orc wizard is almost dead.
An orc comes into view. It is wielding a whip.
You block the orc wizard's attack. The orc wizard casts a spell at you.
The puff of flame hits you! You block the orc's attack.
You closely miss the orc wizard.
The orc wizard is almost dead.
The orc shouts!
You hit the orc.
The orc wizard hits you but does no damage.
The orc hits you with a whip.
* * * LOW HITPOINT WARNING * * *
The orc wizard points at you and mumbles some strange words.
The magic dart hits you!
* * * LOW HITPOINT WARNING * * *
It was a potion of haste.
Your stasis prevents you from being hasted.
The orc wizard hits you with a dagger.
You die...

# #...##....## .# ..
#.......... .o.
#.#####.#.###.#..##.##
.!...................
..........# #.##..#.#
..........###.##..#o#
............#.##....#
####.##..##)#)###o..####
.........).)....@o.....#.#.
.........##.######.>.......
.###.##..##.....###.##.###.
#.##..##.........# #
#.##..##.#######<#
#.##..##.# ### #. #..##.#
.. #..##.#


You could see an orc wizard and 2 orcs.

Vanquished Creatures
  2 orc wizards (D:4)
  Robin (D:2)
  4 gnolls (D:4)
  2 adders (D:3)
  A worm (D:4)
  2 dart slugs (D:1)
  2 leopard geckos
  12 orcs
  A ball python (D:1)
  7 bats
  5 giant cockroaches
  12 goblins
  8 hobgoblins
  4 kobolds
  2 frilled lizards
  6 rats
71 creatures vanquished.

Notes
Turn   | Place    | Note
-------+----------+-------------------------------------------
     0 | D:1      | Kholdaimon the Formicid Fighter began the quest for the Orb.
     0 | D:1      | Reached XP level 1. HP: 18/18 MP: 1/1
    50 | D:1      | Reached XP level 2. HP: 24/24 MP: 2/2
   303 | D:1      | Reached skill level 4 in Shields
   427 | D:1      | Reached XP level 3. HP: 29/29 MP: 3/3
   833 | D:2      | Noticed Robin
   896 | D:2      | Killed Robin
   896 | D:2      | Reached XP level 4. HP: 14/37 MP: 4/4
  1599 | D:2      | Found an iron altar of Okawaru.
  1933 | D:3      | Reached XP level 5. HP: 42/42 MP: 5/5
  1967 | D:3      | Found a faded altar of an unknown god.
  2090 | D:2      | Became a worshipper of Warmaster Okawaru
  2342 | D:4      | Reached skill level 5 in Shields
  2342 | D:4      | Reached XP level 6. HP: 23/49 MP: 6/6
  2382 | D:4      | HP: 2/49 [orc wizard/magic dart (12)]
  2383 | D:4      | Slain by an orc wizard

Vault maps used:
D:1:      evilmike_arrival_plus, minmay_misc_feat_diagonals
D:2:      nicolae_overflow_hidden_temple, first_ration, minmay_misc_feat_square,
          uniq_robin
D:3:      chequers_ecumenical_altar_twisty
D:4:      gammafunk_temple_overflow_wave

Skill      XL: |  1  2  3  4  5 |
---------------+----------------+-----
Shields        | 4 5 |  5.0
Fighting       | 4 |  4.4
Armour         | 4 |  4.4
Axes           | 3 |  3.3

Action                   |  1- 3 |  4- 6 || total
-------------------------+-------+-------++-------
Melee: War axe           |   112 |   121 ||   233
Throw: Stone             |       |     5 ||     5
  Use: Potion            |       |     1 ||     1
  Eat: Chunk             |       |     5 ||     5
Armor: Scale mail        |    54 |    51 ||   105
Dodge: Dodged            |    41 |    47 ||    88
Block: Shield            |    65 |    59 ||   124

Table legend:
 A = Spawn XP
 B = Non-spawn XP
 C = Spawn XP percentage of total XP
 D = Spawn monster count
 E = Non-spawn monster count
 F = Spawn count percentage of total count
 G = Total turns spent on level
                    A         B        C        D         E        F      G
               +---------+---------+-------+---------+---------+-------+---------
         Total |       0 |     294 |   0.0 |       0 |      71 |   0.0 |  2383
               +---------+---------+-------+---------+---------+-------+---------
           D:1 |       0 |      34 |   0.0 |       0 |      17 |   0.0 |   561
           D:2 |       0 |      46 |   0.0 |       0 |      18 |   0.0 |  1102
           D:3 |       0 |      78 |   0.0 |       0 |      26 |   0.0 |   571
           D:4 |       0 |     136 |   0.0 |       0 |      10 |   0.0 |   149
               +---------+---------+-------+---------+---------+-------+---------
